 Dungeon Crawl Stone Soup version 0.30-a0-916-g9813417 (webtiles) character file.

Game seed: 8949142020806319512

77299 Dawnplanks the Warrior (level 15, -4/193 (220) HPs)
             Began as a Hill Orc Berserker on Mar 21, 2023.
             Was a High Priest of Trog.
             Killed from afar by a deep elf zephyrmancer (27 damage)
             ... with a bolt of lightning
             ... on level 1 of the Elven Halls.
             The game lasted 00:45:20 (23297 turns).

Dawnplanks the Warrior (Hill Orc Berserker)        Turns: 23297, Time: 00:45:20

HP:   -4/193 (220)  AC: 21    Str: 28    XL:     15   Next: 56%
MP:   15/15         EV: 10    Int:  7    God:    Trog [*****.]
Gold: 1859          SH: 20    Dex: 10    Spells: 14/14 levels left

rFire   + + .      SeeInvis .    y - +7 broad axe (flame)
rCold   + + .      Faith    .    o - +2 shield of Resistance {rF++ rC++ Will++}
rNeg    . . .      Spirit   .    f - +0 chain mail
rPois   .          Reflect  +    V - +0 helmet
rElec   .          Rampage  .    F - +0 cloak
rCorr   .                        Y - +0 pair of gloves
Will    ++++.                    Q - +2 pair of boots Stlth
                                 W - amulet of reflection
HPRegen 0.52/turn                M - ring of flight
MPRegen 0.14/turn                s - ring of willpower

@: berserking (expiring), flying, heavily drained, very quick
A: no striking features
a: Renounce Religion, Berserk, Trog's Hand, Brothers in Arms


You were on level 1 of the Elven Halls.
You worshipped Trog.
Trog was extremely pleased with you.
You visited 5 branches of the dungeon, and saw 21 of its levels.
You also visited: Ossuary and Bailey.

You collected 2309 gold pieces.
You spent 450 gold pieces at shops.

Inventory:

Hand Weapons
 k - the +2 spear "Ugi Much" {spect, rElec}
   (You found it on level 2 of the Dungeon)

   rElec:     It insulates you from electricity.
 y - a +7 broad axe of flaming (weapon)
 D - the +8 hammer "Toetreaco" {speed, Drain rPois rF+++ Stlth+}
   (You found it on level 4 of the Dungeon)

   rF:        It renders you almost immune to fire.
   rPois:     It protects you from poison.
   Drain:     It drains your maximum health when unequipped.
   Stlth:     It makes you more stealthy.
 G - the +1 war axe of the Evil Eye {elec, *Rage rElec rPois Str+5}
   (You found it on level 4 of the Dungeon)

   Str:       It affects your strength (+5).
   rElec:     It insulates you from electricity.
   rPois:     It protects you from poison.
   *Rage:     It berserks you when you make melee attacks (+20% chance).
 S - the +2 mace of Cheibriados {heavy, Fly rCorr Str+4 Dex+3}
   (You found it in a bailey)

   Str:       It affects your strength (+4).
   Dex:       It affects your dexterity (+3).
   Fly:       It grants you flight.
   rCorr:     It protects you from acid and corrosion.
Missiles
 a - 2 throwing nets
 g - 4 curare-tipped darts (quivered)
Armour
 f - a +0 chain mail (worn)
 o - the +2 shield of Resistance (worn) {rF++ rC++ Will++}
   (You found it on level 2 of the Dungeon)

   rF:        It greatly protects you from fire.
   rC:        It greatly protects you from cold.
   Will:      It greatly increases your willpower.
 F - a +0 cloak (worn)
 Q - a +2 pair of boots (worn)
 V - a +0 helmet (worn)
 Y - a +0 pair of gloves (worn)
Jewellery
 r - a ring of see invisible
 s - a ring of willpower (right hand)
 A - a ring of resist corrosion
 M - a ring of flight (left hand)
 W - an amulet of reflection (around neck)
Wands
 u - a wand of roots (14)
 I - a wand of paralysis (42)
 U - a wand of mindburst (10)
Scrolls
 c - 6 scrolls of fear
 d - 3 scrolls of enchant weapon
 h - 4 scrolls of immolation
 j - 7 scrolls of poison
 m - 16 scrolls of teleportation
 p - 3 scrolls of magic mapping
 t - 3 scrolls of blinking
 v - 3 scrolls of fog
 w - 6 scrolls of enchant armour
 B - 3 scrolls of torment {unknown}
 K - a scroll of brand weapon
 P - 4 scrolls of summoning
 R - 3 scrolls of silence
Potions
 b - 3 potions of attraction
 e - 3 potions of flight
 i - 8 potions of haste
 l - 13 potions of curing
 n - 3 potions of cancellation
 q - 4 potions of lignification {unknown}
 x - 4 potions of magic {unknown}
 z - 2 potions of brilliance
 C - a potion of invisibility
 E - 4 potions of heal wounds
 H - 4 potions of mutation {unknown}
 L - 5 potions of might
 T - 3 potions of resistance {unknown}
 X - 2 potions of ambrosia {unknown}


   Skills:
 + Level 17.5 Fighting
 + Level 7.8(14.1) Axes
 - Level 15.5(16.0) Maces & Flails
 + Level 13.7 Armour
 + Level 5.1 Dodging
 + Level 15.7 Shields


You had 14 spell levels left.
You didn't know any spells.
Your spell library contained the following spells:

 Spells                   Type           Power      Damage    Failure   Level
 Cigotuvi's Dreadful Rot  Necr/Pois/Air  0%         N/A       99%         2
 Ensorcelled Hibernation  Hex/Ice        0%         N/A       99%         2
 Passwall                 Tmut/Erth      0%         N/A       99%         2
 Poisonous Vapours        Pois/Air       0%         N/A       99%         2
 Dazzling Flash           Conj/Hex       0%         N/A       100%        3
 Ignite Poison            Fire/Tmut/Pois 0%         N/A       100%        3
 Kindle Blastsparks       Fire/Tloc/Air  0%         2d10      100%        3
 Mephitic Cloud           Conj/Pois/Air  0%         N/A       100%        3
 Ozocubu's Armour         Ice            0%         N/A       100%        3
 Portal Projectile        Hex/Tloc       0%         N/A       100%        3
 Spider Form              Tmut/Pois      0%         N/A       100%        3
 Swiftness                Air            0%         N/A       100%        3
 Tukima's Dance           Hex            0%         N/A       100%        3
 Anguish                  Hex/Necr       0%         N/A       100%        4
 Animate Armour           Summ/Erth      0%         N/A       100%        4
 Iskenderun's Mystic Bla  Conj/Tloc      0%         2d3       100%        4
 Blade Hands              Tmut           0%         N/A       100%        5
 Freezing Cloud           Conj/Ice/Air   0%         6-21      100%        5
 Iskenderun's Battlesphe  Conj           0%         2d6       100%        5
 Iron Shot                Conj/Erth      0%         9d1       100%        6
 Starburst                Conj/Fire      0%         6d3       100%        6
 Ozocubu's Refrigeration  Ice            0%         4d7       100%        7
 Spellforged Servitor     Conj/Summ      0%         N/A       100%        7


Dungeon Overview and Level Annotations

Branches:
Dungeon (12/15)            Temple (1/1) D:6            Lair (5/5) D:11
 Shoals (0/4) Lair:2        Snake (0/4) Lair:3        Slime (0/5) Lair:4
    Orc (2/2) D:10            Elf (1/3) Orc:2       Ossuary (visited)
 Bailey (visited)

Altars:
Ashenzari
Cheibriados
Dithmenos
Elyvilon
Fedhas
Gozag
Hepliaklqana
Kikubaaqudgha
Makhleb
Nemelex Xobeh
Okawaru
Qazlal
Ru
Sif Muna
Trog
Uskayaw
Vehumet
Wu Jian
Xom
Yredelemnul
Zin
The Shining One
Jiyva

Shops:
D:6 =   Orc:1 ?   Elf:1 *!

Portals:
Trove: D:10 (give 18 scrolls of teleportation)


Message History

The deep elf knight gestures wildly while chanting.
The deep elf knight flickers and vanishes!
Deactivating autopickup; reactivate with Ctrl-A.
The deep elf zephyrmancer hits you but does no damage.
You slash the deep elf zephyrmancer! You burn the deep elf zephyrmancer.
The deep elf zephyrmancer is moderately wounded.
You miss something. You block something's attack.
The deep elf zephyrmancer hits you with a +1 long sword of holy wrath.
You closely miss the deep elf zephyrmancer.
The deep elf zephyrmancer is moderately wounded.
You slash the deep elf zephyrmancer! You burn the deep elf zephyrmancer.
You hit something. You burn something. Something hits you!
The deep elf zephyrmancer mumbles some strange words.
The deep elf zephyrmancer blinks!
The deep elf zephyrmancer hits you but does no damage.
The deep elf zephyrmancer attacks as you move away!
You block the deep elf zephyrmancer's attack.
Something blocks your attack. Something hits you!
The deep elf zephyrmancer gestures at you while chanting.
The bolt of lightning hits something!!
Reactivating autopickup.
You feel a bit more experienced. The bolt of lightning hits you!!
* * * LOW HITPOINT WARNING * * *
A red film seems to cover your vision as you go berserk!
You feel yourself moving faster!
You feel mighty!
The deep elf zephyrmancer mumbles some strange words.
The deep elf zephyrmancer blinks!
The deep elf zephyrmancer casts a spell.
The deep elf zephyrmancer blinks!
You swing at nothing.
You feel a strong urge to attack something.
You swing at nothing.
The deep elf zephyrmancer gestures at you while chanting.
The bolt of lightning hits you!!
* * * LOW HITPOINT WARNING * * *
You swing at nothing.
You feel your anger nearly subside.
The deep elf zephyrmancer points at you and mumbles some strange words.
The bolt of lightning hits you!!
You die...

######.8....##. ##
##....'......##.# #
#...4['......##..## #####
#o.[<)e......# #..# ### #....
#o.([[e......# #.###.## #....
##o...'......# #......###....
######.8..))####.##..........
#....))##...##...##.....
#####.#@..####...###....
#...### ##.## #.... ##### ###
#.... #####


You could see 2 deep elf zephyrmancers.

Vanquished Creatures
  Gastronok (D:10)
  2 slime creatures (D:9)
  Nessos (Lair:3)
  A deep elf annihilator (Elf:1)
  A deep elf demonologist (Elf:1)
  7 hydras
  A catoblepas (Lair:5)
  4 dancing weapons (Elf:1)
  A boulder beetle (Lair:4)
  A deep troll shaman (Lair:5)
  The ghost of Niwiz the Thaumaturge, a journeyman DEFE of Vehumet (Lair:1)
  7 death yaks
  5 two-headed ogres
  2 orc high priests
  3 skysharks
  A lindwurm (Lair:5)
  3 deep elf archers (Elf:1)
  4 orc knights
  7 deep elf pyromancers (Elf:1)
  An ugly thing (D:11)
  6 deep elf zephyrmancers (Elf:1)
  An oklob plant (Lair:2)
  A cyclops (Elf:1)
  14 elephants
  7 black mambas
  2 merfolk sirens (Lair:2)
  Joseph (D:9)
  10 cane toads
  2 gargoyles
  A kobold demonologist (D:11)
  6 komodo dragons
  An unseen horror (D:12)
  Maggie (D:9)
  A rime drake (Lair:4)
  8 trolls
  2 polar bears
  Grinder (D:4)
  10 blink frogs
  9 dream sheep (Lair:5)
  An air elemental (Elf:1)
  A shadow (D:10)
  A centaur simulacrum (D:11)
  A water elemental (Elf:1)
  2 wyverns
  2 wraiths (D:12)
  42 yaks
  A hog (shapeshifter) (Elf:1)
  2 basilisks
  A fire elemental (Elf:1)
  3 steam dragons
  2 vampire mosquitoes (D:12)
  3 nagas (Lair:3)
  3 wargs (D:10)
  An acid dragon (D:12)
  20 water moccasins
  Duvessa (D:4)
  4 ice beasts
  29 orc warriors
  3 black bears
  2 sky beasts (D:8)
  2 ogres
  23 wolves
  19 centaurs
  A phantom (D:5)
  2 kobold brigands
  Blork the orc (D:4)
  11 bullfrogs
  7 scorpions
  An earth elemental (Elf:1)
  9 wights (D:9)
  Dowan (D:4)
  An electric eel (D:11)
  8 howler monkeys
  Crazy Yiuf (D:4)
  2 hounds
  A jelly (D:5)
  18 orc priests
  4 iguanas
  5 sleepcaps
  Natasha (thrice) (D:4)
  9 hell rats
  22 orc wizards
  A boggart simulacrum (D:11)
  8 mummies (Ossuary)
  11 adders
  4 gnolls (D:7)
  2 river rats (Lair:3)
  A shadow imp (D:5)
  3 white imps
  2 ufetubi
  2 dart slugs
  79 orcs
  5 ball pythons
  6 endoplasms
  5 giant cockroaches
  2 gnoll zombies (Ossuary)
  10 goblins
  9 hobgoblins
  7 jackals
  4 quokkas
  8 bats
  3 frilled lizards
  4 hobgoblin zombies (Ossuary)
  17 kobolds
  2 orc zombies (Ossuary)
  11 rats
620 creatures vanquished.

Vanquished Creatures (collateral kills)
  A skyshark (Lair:3)
  2 elephants
  A dream sheep (Lair:5)
  A wyvern (Lair:3)
  An orc warrior (Orc:2)
  A wolf (Lair:5)
  An orc priest (Orc:2)
  A hell rat (Lair:3)
  An orc (Orc:2)
  A rat (Lair:3)
11 creatures vanquished.

Vanquished Creatures (others)
  A deep elf knight (Elf:1)
  A deep elf pyromancer (Elf:1)
  An orc warrior (Elf:1)
  An orc priest (Elf:1)
  42 fungi
  47 plants
93 creatures vanquished.

Grand Total: 724 creatures vanquished

Notes
Turn   | Place    | Note
-------+----------+-------------------------------------------
     0 | D:1      | Dawnplanks the Hill Orc Berserker began the quest for the
                  | Orb.
     0 | D:1      | Reached XP level 1. HP: 19/19 MP: 1/1
   414 | D:1      | Reached XP level 2. HP: 27/27 MP: 2/2
   445 | D:1      | Reached skill level 4 in Fighting
   642 | D:1      | Reached XP level 3. HP: 31/33 MP: 3/3
   875 | D:2      | Reached ** piety under Trog
   917 | D:2      | Reached skill level 5 in Axes
   919 | D:2      | Reached XP level 4. HP: 36/40 MP: 4/4
   944 | D:2      | Found the +2 shield of Resistance {rF++ rC++ Will++}
  1133 | D:2      | Identified the +2 spear "Ugi Much" {spect, rElec}
  1659 | D:3      | Reached XP level 5. HP: 46/47 MP: 5/5
  1877 | D:4      | Reached skill level 1 in Shields
  1981 | D:4      | Noticed Natasha
  1990 | D:4      | Killed Natasha
  2135 | D:4      | Noticed Dowan
  2136 | D:4      | Noticed Duvessa
  2150 | D:4      | Killed Duvessa
  2151 | D:4      | Reached XP level 6. HP: 53/53 MP: 6/6
  2153 | D:4      | Killed Dowan
  2179 | D:4      | Noticed Grinder
  2227 | D:4      | Killed Grinder
  2228 | D:4      | Reached skill level 5 in Fighting
  2228 | D:4      | Reached XP level 7. HP: 49/61 MP: 5/7
  2385 | D:4      | Identified the +8 hammer "Toetreaco" {speed, Drain rPois
                  | rF+++ Stlth+}
  2405 | D:4      | Found a runed translucent door.
  2406 | D:4      | Noticed Crazy Yiuf
  2413 | D:4      | Killed Crazy Yiuf
  2414 | D:4      | Reached skill level 5 in Armour
  2500 | D:4      | Identified the +1 war axe of the Evil Eye {elec, *Rage
                  | rElec rPois Str+5}
  2515 | D:4      | Noticed Blork the orc
  2520 | D:4      | Killed Blork the orc
  2629 | D:4      | Noticed Natasha
  2638 | D:4      | Killed Natasha
  2638 | D:4      | Reached *** piety under Trog
  2639 | D:4      | Reached skill level 1 in Maces & Flails
  2859 | D:4      | Noticed Natasha
  2864 | D:4      | Killed Natasha
  2899 | D:5      | Entered Level 5 of the Dungeon
  3053 | D:5      | Reached XP level 8. HP: 61/69 MP: 6/8
  3667 | D:5      | Found a snail-covered altar of Cheibriados.
  3668 | D:5      | Found a radiant altar of Vehumet.
  3690 | D:5      | Reached skill level 6 in Fighting
  3724 | D:5      | Reached skill level 5 in Maces & Flails
  3949 | D:5      | Found a white marble altar of Elyvilon.
  3953 | D:5      | Found a shimmering blue altar of Sif Muna.
  4264 | D:6      | Found Jutiq's Jewellery Shoppe.
  4333 | D:6      | Found a staircase to the Ecumenical Temple.
  4341 | Temple   | Entered the Ecumenical Temple
  4591 | D:6      | Reached XP level 9. HP: 75/75 MP: 9/9
  4659 | D:6      | Found a bloodstained altar of Trog.
  4938 | D:7      | Reached **** piety under Trog
  5016 | D:7      | Found a sand-covered staircase.
  5024 | Ossuary  | Entered an ossuary
  5366 | D:7      | Found a flagged portal.
  5382 | Bailey   | Entered a bailey
  5634 | Bailey   | Reached skill level 5 in Shields
  5882 | Bailey   | Reached skill level 7 in Fighting
  5968 | Bailey   | Reached XP level 10. HP: 86/86 MP: 7/10
  6082 | Bailey   | Identified the +2 mace of Cheibriados {heavy, Fly rCorr
                  | Str+4 Dex+3}
  7032 | D:8      | Reached ***** piety under Trog
  7825 | D:9      | Noticed Maggie
  7840 | D:9      | Killed Maggie
  7844 | D:9      | Reached skill level 8 in Fighting
  7885 | D:9      | Identified the +0 robe of the Unbearable Shrike {rC+ Regen+
                  | SInv}
  7908 | D:9      | Noticed a two-headed ogre
  7916 | D:9      | Killed a two-headed ogre
  7968 | D:9      | Reached XP level 11. HP: 95/95 MP: 11/11
  7971 | D:9      | Reached skill level 10 in Maces & Flails
  7998 | D:9      | Noticed Joseph
  8007 | D:9      | Killed Joseph
  8283 | D:9      | Reached skill level 9 in Fighting
  8910 | D:10     | Entered Level 10 of the Dungeon
  9157 | D:10     | Found a shimmering altar of Xom.
  9280 | D:10     | Found a staircase to the Orcish Mines.
  9281 | D:10     | Noticed a two-headed ogre
  9294 | D:10     | Killed a two-headed ogre
  9295 | D:10     | Reached skill level 10 in Armour
  9661 | D:10     | Noticed Gastronok
  9687 | D:10     | Killed Gastronok
  9688 | D:10     | Reached skill level 10 in Fighting
 10035 | D:10     | Found a portal to a secret trove of treasure.
 10403 | D:11     | Noticed a death yak
 10418 | D:11     | Killed a death yak
 10419 | D:11     | Reached XP level 12. HP: 108/108 MP: 10/12
 10466 | D:11     | Found a blossoming altar of Fedhas.
 10515 | D:11     | Reached skill level 11 in Fighting
 10572 | D:11     | Found a staircase to the Lair.
 11299 | D:11     | Noticed a two-headed ogre
 11311 | D:11     | Killed a two-headed ogre
 11646 | D:12     | Noticed a two-headed ogre
 11656 | D:12     | Killed a two-headed ogre
 11668 | D:12     | Reached skill level 12 in Fighting
 13152 | D:6      | Bought an amulet of reflection for 450 gold pieces
 13264 | Lair:1   | Entered Level 1 of the Lair of Beasts
 13427 | Lair:1   | Found a runed translucent door.
 13430 | Lair:1   | Noticed Niwiz's ghost (journeyman DEFE)
 13881 | Lair:1   | Killed Niwiz's ghost
 13881 | Lair:1   | Received a gift from Trog
 13924 | Lair:2   | Reached skill level 13 in Fighting
 13924 | Lair:2   | Reached skill level 10 in Shields
 14009 | Lair:2   | Noticed a skyshark
 14015 | Lair:2   | Reached XP level 13. HP: 109/122 MP: 13/13
 14344 | Lair:2   | Found a staircase to the Shoals.
 14606 | Lair:2   | Reached skill level 14 in Fighting
 16138 | Lair:3   | Identified the +1 mace of the Intense God {heavy, rPois
                  | Str+3}
 16168 | Lair:3   | Identified the +1 dagger "Itupn" {freeze, +Blink rC+}
 16377 | Lair:3   | Found a staircase to the Snake Pit.
 16394 | Lair:3   | Reached skill level 15 in Fighting
 16847 | Lair:3   | Reached XP level 14. HP: 128/135 MP: 14/14
 16877 | Lair:3   | Noticed Nessos
 16890 | Lair:3   | Killed Nessos
 18146 | Lair:4   | Found a viscous altar of Jiyva.
 18146 | Lair:4   | Found a staircase to the Slime Pits.
 18515 | Lair:5   | Entered Level 5 of the Lair of Beasts
 18521 | Lair:5   | Identified the +4 trident of the Penguin {flame, rPois rF++
                  | rCorr Str-3} (Trog gifted it to you on level 5 of the Lair
                  | of Beasts)
 18521 | Lair:5   | Received a gift from Trog
 19127 | Lair:5   | Reached skill level 16 in Fighting
 19391 | Lair:5   | Reached skill level 15 in Maces & Flails
 20284 | Lair:5   | Identified the +9 spear "Asef" {freeze, rC- Int+4}
 20336 | Lair:5   | Received a gift from Trog
 20591 | Orc:1    | Entered Level 1 of the Orcish Mines
 20664 | Orc:1    | Found Fanoasat's Magic Scroll Shoppe.
 20945 | Orc:1    | Reached XP level 15. HP: 145/146 MP: 15/15
 21207 | Orc:1    | Reached skill level 17 in Fighting
 21414 | Orc:2    | Entered Level 2 of the Orcish Mines
 21511 | Orc:2    | Found a staircase to the Elven Halls.
 21623 | Elf:1    | Entered Level 1 of the Elven Halls
 22090 | Orc:2    | Reached skill level 15 in Shields
 22313 | Elf:1    | Paralysed by an air elemental for 1 turns
 22315 | Elf:1    | Paralysed by an air elemental for 1 turns
 22320 | Elf:1    | Paralysed by an air elemental for 1 turns
 22421 | Elf:1    | Received a gift from Trog
 22491 | Elf:1    | Reached skill level 5 in Dodging
 23232 | Elf:1    | Found Sethrigo's Distillery.
 23232 | Elf:1    | Found Xepsynt's Assorted Antiques.
 23297 | Elf:1    | Killed from afar by a deep elf zephyrmancer

Illustrated notes

Levels and vault maps discovered:
D:1:      amcnicky_arrival_single_pillar, layout_basic, bh_walls_and_bars
D:2:      layout_rooms, st_stairs_12, chequers_serial_rivers_large_a
D:3:      layout_rooms
D:4:      layout_cave_pools, minmay_box_of_dots, uniq_blork_the_orc,
          uniq_duvessa, uniq_crazy_yiuf_cottage, uniq_grinder, uniq_natasha
D:5:      layout_basic, nicolae_overflow_hidden_temple, nicolae_half_adder
D:6:      layout_gridville, trog_hazing_becter, minmay_temple_entry_crystal_x,
          serial_shops, nicolae_stop_n_shop_2
D:7:      layout_basic, nicolae_ossuary_entry_plus, enter_bailey_4
D:8:      black_bear_nest_1, layout_loops_ring
D:9:      layout_basic, mrwooster_statue_mirror, uniq_joseph, uniq_maggie
D:10:     layout_basic, mainiacjoe_overflow_chevrons,
          minmay_orc_entry_guard_dogs, enter_trove_0, uniq_gastronok
D:11:     layout_stronghold, due_lair_maze_entry_diamond, serial_ice,
          serial_ice_j, serial_ice_f, serial_ice_b, serial_ice_e,
          fedhas_ov_isle_minmay
D:12:     layout_layer_cave, kennysheep_generic_room_11
Temple:   nicolae_temple_superstar
Lair:1:   layout_long_grid, hellmonk_ghost_happy_afterlife, minmay_hedge_maze,
          lemuel_fruit_tree
Lair:2:   nzn_winding_woodlands_stair_cross
          [nzn_winding_woodlands_5x15_lazy_stream,
          nzn_winding_woodlands_center_lodge, nzn_winding_woodlands_5x15_garden,
          nzn_winding_woodlands_5x5_open_star, nzn_winding_woodlands_hourglass,
          nzn_winding_woodlands_5x15_jagged,
          nzn_winding_woodlands_center_diamonds,
          nzn_winding_woodlands_5x15_pool], layout_cellular_growth,
          elwin_shoals_entry_rooms
Lair:3:   layout_regular_city, guppyfry_snake_entry_garden,
          kennysheep_abandoned_house, uniq_nessos
Lair:4:   hellmonk_ruined_rings, layout_small_grid, dpeg_slime_entry_enclosed
Lair:5:   grunt_lair_end_beastmaster, layout_regular_city
Orc:1:    nicolae_orc_accident_3, layout_caves, serial_shops, shop_coins
Orc:2:    st_orc_pillars, layout_diamond_mine, serial_shops,
          nicolae_shop_statue_plus, basic_altar
Elf:1:    eino_elf_arrival_the_gate, layout_rooms, hangedman_elf_represent,
          minmay_shoptagon

Skill      XL: |  1  2  3  4  5  6  7  8  9 10 11 12 13 14 15 |
---------------+----------------------------------------------+-----
Fighting       | 4 5 6 7 8 10 13 15 16 17 | 17.5
Axes           | 5 6 7 |  7.8
Dodging        | 2 3 4 5 |  5.1
Armour         | 3 4 5 6 7 9 10 11 12 13 | 13.7
Shields        | 2 3 4 5 7 8 10 12 14 15 | 15.7
Maces & Flails | 2 5 8 9 12 13 14 15 | 15.5

Action                     |  1- 3 |  4- 6 |  7- 9 | 10-12 | 13-15 || total
---------------------------+-------+-------+-------+-------+-------++-------
  Melee: Hand axe          |   106 |   198 |    11 |       |       ||   315
         Mace              |       |       |   366 |   758 |  1398 ||  2522
         Broad axe         |       |       |       |       |    27 ||    27
 Invoke: Berserk           |     1 |     1 |     3 |     6 |     8 ||    19
         Trog's Hand       |       |     2 |       |     3 |     8 ||    13
         Brothers in Arms  |       |       |       |       |     5 ||     5
    Use: Scroll            |       |       |       |    18 |     8 ||    26
         Potion            |       |       |       |       |     4 ||     4
   Stab: Petrified         |       |       |       |       |    11 ||    11
 Armour: Chain mail        |    74 |   110 |   172 |   213 |   396 ||   965
         Animal skin       |     7 |       |       |       |       ||     7
  Dodge: Dodged            |    60 |    50 |    95 |   154 |   271 ||   630
  Block: Buckler           |     9 |     4 |       |       |       ||    13
         Kite shield       |       |    73 |   211 |   377 |  1089 ||  1750
         Reflection        |       |       |       |       |    29 ||    29

Table legend: (Time is in decaauts)
 A = Elapsed time spent in this place.
 B = Non-inter-level travel time spent in this place.
 C = Inter-level travel time spent in this place.
 D = Time resting spent in this place.
 E = Time spent auto-exploring this place.
 F = Levels seen in this place.
 G = Mean time per level.
                   A        B        C        D        E       F      G
               +--------+--------+--------+--------+--------+-----+--------+
         Total |  22608 |  21160 |   1448 |   2139 |  15185 |  23 |  983.0 |
       Dungeon |  11900 |  10727 |   1173 |    553 |   8337 |  12 |  991.7 |
        Temple |    104 |     90 |     14 |      0 |     73 |   1 |  104.0 |
          Lair |   6845 |   6626 |    219 |    177 |   5470 |   5 | 1369.0 |
  Orcish Mines |    975 |    946 |     29 |      0 |    675 |   2 |  487.5 |
   Elven Halls |   1555 |   1543 |     12 |   1033 |    169 |   1 | 1555.0 |
       Ossuary |    213 |    213 |      0 |      0 |    117 |   1 |  213.0 |
        Bailey |   1013 |   1013 |      0 |    374 |    344 |   1 | 1013.0 |
               +--------+--------+--------+--------+--------+-----+--------+

Top non-repeatable levels by time:
  Lair:5: 1787 daAuts
  Lair:2: 1703 daAuts
   Elf:1: 1555 daAuts
  Lair:3: 1519 daAuts
    D:11: 1421 daAuts
    D:10: 1373 daAuts
    D:12: 1360 daAuts
  Lair:4: 1195 daAuts
     D:5: 1181 daAuts
     D:9: 1111 daAuts
     D:7: 1062 daAuts
  Bailey: 1013 daAuts
     D:4: 954 daAuts
     D:1: 860 daAuts
     D:8: 834 daAuts
